 Dungeon Crawl Stone Soup version 0.31.0-12-g77e489cdc1 (webtiles) character file.

Game seed: 12272257366160334987

222 Doomgape the Trooper (level 5, -4/35 HPs)
             Began as a Gargoyle Fighter on Feb 11, 2024.
             Slain by Menkaure (9 damage)
             ... on level 6 of the Dungeon.
             The game lasted 00:04:00 (1432 turns).

Doomgape the Trooper (Gargoyle Fighter)             Turns: 1432, Time: 00:04:01

Health: -4/35      AC: 11    Str: 22    XL:     5   Next: 99%
Magic:  0/5        EV:  9    Int:  8    God:
Gold:   114        SH:  4    Dex:  9    Spells: 4/4 levels left

rFire   . . .        a - +0 flail
rCold   . . .        c - +0 buckler
rNeg    + . .        b - +0 scale mail
rPois   ∞            (no helmet)
rElec   +            (no cloak)
rCorr   .            (no gloves)
SInv    .            (no boots)
Will    .....        h - amulet of guardian spirit Stlth
                     (no ring)
HPRegen 0.25/turn    (no ring)
MPRegen 0.09/turn

%: guardian spirit
@: no status effects
A: sickness immunity, AC +4, negative energy resistance 1, electricity
resistance, torment resistance 1, petrification resistance
a: no special abilities


You were on level 6 of the Dungeon.
You visited 1 branch of the dungeon, and saw 4 of its levels.

You collected 114 gold pieces.

Inventory:

Hand Weapons
 a - a +0 flail (weapon)
Armour
 b - a +0 scale mail (worn)
 c - a +0 buckler (worn)
Jewellery
 h - an amulet of guardian spirit (around neck)
Scrolls
 i - a scroll of enchant weapon {unknown}
 k - a scroll of identify {unknown}
 l - a scroll of amnesia {unknown}
Potions
 d - 2 potions of might
 e - a potion of degeneration {unknown}
 f - a potion of haste {unknown}
 g - a potion of cancellation {unknown}
 j - 3 potions of attraction {unknown}


   Skills:
 + Level 5.0 Fighting
 + Level 3.6 Maces & Flails
 + Level 4.8 Armour
 - Level 3.2 Shields


You had 4 spell levels left.
You didn't know any spells.
Your spell library was empty.

Dungeon Overview and Level Annotations

Branches:
Dungeon (3/15)

Altars:

Annotations:
D:6 Menkaure


Innate Abilities, Weirdness & Mutations

You are immune to sickness and miasma.
Your stone body is resilient. (AC +4)
You are immune to poison.
You resist negative energy. (rN+)
You are resistant to electric shocks. (rElec)
You are resistant to unholy torment.
You are immune to petrification.


Message History

You hit the orc priest.
The orc priest is heavily wounded.
The orc priest closely misses you.
The orc priest hits you with a +0 hand axe.
* * * LOW HITPOINT WARNING * * *
You hit the orc priest.
The orc priest is severely wounded.
The orc priest calls upon Beogh to heal something.
You hear a shout!
Unknown command.
You hit the orc priest but do no damage.
The orc priest is severely wounded.
An orc comes into view. It is wielding a +0 flail.
The orc priest hits you but does no damage.
You thump the orc priest!
You kill the orc priest!
You closely miss the orc. The orc barely misses you.
The orc hits you but does no damage.
You hit the orc but do no damage. The orc hits you with a +0 flail.
* * * LOW HITPOINT WARNING * * *
You completely miss the orc. The orc barely misses you.
You closely miss the orc. The orc hits you but does no damage.
The orc hits you with a +0 flail.
* * * LOW HITPOINT WARNING * * *
You sock the orc!
You kill the orc!
Your Fighting skill increases to level 5!
Unknown command.
You hit Menkaure.
Menkaure is lightly damaged.
Menkaure calls on the powers of darkness!
You feel a surge of unholy energy.
You hit Menkaure.
Menkaure is lightly damaged.
Menkaure casts a spell at you.
You barely resist. Menkaure closely misses you.
You hit Menkaure but do no damage.
Menkaure is lightly damaged.
Menkaure closely misses you. Menkaure hits you!
You die...

############
#.M@.......#
#.########.#
#.# ##.######
#.o.....#
#...o.......
......PM.PM...#
.##..........##
#..P......P...


You could see Menkaure (fast).

Vanquished Creatures
  An ice beast (D:6)
  A hound (D:6)
  An orc priest (D:6)
  2 adders (D:2)
  2 dart slugs (D:1)
  A ribbon worm (D:3)
  3 orcs (D:6)
  4 endoplasms
  3 giant cockroaches
  4 goblins
  7 hobgoblins
  2 jackals (D:2)
  6 kobolds
  3 quokkas
  4 ball pythons
  5 bats
  3 frilled lizards (D:2)
  5 rats
57 creatures vanquished.

Notes
Turn   | Place    | Note
-------+----------+-------------------------------------------
     0 | D:1      | Doomgape the Gargoyle Fighter began the quest for the Orb.
     0 | D:1      | Reached XP level 1. HP: 14/14 MP: 1/1
   160 | D:1      | Reached XP level 2. HP: 19/19 MP: 2/2
   400 | D:1      | Reached XP level 3. HP: 24/24 MP: 3/3
   699 | D:2      | Reached skill level 4 in Fighting
   767 | D:2      | Reached XP level 4. HP: 29/29 MP: 4/4
  1342 | D:3      | You fall into a shaft and drop 3 floors!
  1346 | D:6      | Noticed an ice beast
  1363 | D:6      | Killed an ice beast
  1364 | D:6      | Reached XP level 5. HP: 26/34 MP: 5/5
  1400 | D:6      | Noticed Menkaure
  1430 | D:6      | Reached skill level 5 in Fighting
  1432 | D:6      | Slain by Menkaure

Illustrated notes

Levels and vault maps discovered:
D:1:      matt_arrival_refuge, layout_rooms
D:2:      layout_rooms
D:3:      layout_loops_ring, nicolae_overflow_guarded_unrand_okawaru_victory,
          uniq_ijyb
D:6:      layout_loops_ring, lemuel_round_altar, minmay_misc_feat_plants,
          uniq_duvessa, uniq_menkaure

Skill      XL: |  1  2  3  4  5 |
---------------+----------------+-----
Fighting       | 4 5 |  5.0
Armour         | 4 |  4.8
Maces & Flails | 3 |  3.6
Shields        | |  3.2

Action                     |  1- 3 |  4- 6 || total
---------------------------+-------+-------++-------
  Melee: Flail             |   118 |    94 ||   212
 Armour: Scale mail        |   108 |    63 ||   171
  Dodge: Dodged            |    68 |    44 ||   112
  Block: Buckler           |    33 |    10 ||    43
